 Dungeon Crawl Stone Soup version 0.29-a0-973-gac7da5f7f0 (webtiles) character file.

Game seed: 2916520559736740465

143 xian the Trooper (level 5, -6/61 HPs)
             Began as a Demonspawn Fighter on Aug 1, 2022.
             Was a Believer of Kikubaaqudgha.
             Mangled by a mummy (9 damage)
             ... in an ossuary.
             The game lasted 00:08:55 (3087 turns).

xian the Trooper (Demonspawn Fighter)               Turns: 3087, Time: 00:08:57

Health: -6/61      AC: 22    Str: 16    XL:     5   Next: 4%
Magic:  7/7        EV:  2    Int: 11    God:    Kikubaaqudgha [**....]
Gold:   134        SH:  4    Dex: 13    Spells: 6/6 levels left

rFire   + . .      SeeInvis .   p - +2 short sword (flame)
rCold   + . .      Faith    .   c - +0 buckler
rNeg    . . .      Spirit   .   (body armour currently unavailable)
rPois   +          Reflect  .   (helmet currently unavailable)
rElec   +          Harm     .   (cloak currently unavailable)
rCorr   +          Rampage  .   (gloves currently unavailable)
Will    .....      NoTele   +   (boots currently unavailable)
Stlth   +.........              (no amulet)
HPRegen 0.20/turn               (no ring)
MPRegen 0.20/turn               (no ring)

@: mighty, tree-form, resistant, invisible
A: stationary, stasis, torment immunity, boosted hp, (antennae 1), magic
regeneration
a: Renounce Religion, Unearth Wretches


You were in an ossuary.
You worshipped Kikubaaqudgha.
Kikubaaqudgha was pleased with you.
You were a tree.
You visited 1 branch of the dungeon, and saw 4 of its levels.
You also visited: Ossuary.

You collected 134 gold pieces.

Inventory:

Hand Weapons
 p - a +2 short sword of flaming (weapon)
Armour
 b - a +0 scale mail
 c - a +0 buckler (worn)
 e - a +0 leather armour (melded)
 i - a +0 pair of boots (melded)
Scrolls
 f - a scroll of enchant weapon
Potions
 a - a potion of curing {unknown}
 j - 3 potions of mutation
 n - a potion of flight {unknown}


   Skills:
 + Level 3.6 Fighting
 - Level 2.0 Long Blades
 + Level 3.5 Armour
 + Level 1.2 Dodging
 + Level 0.2 Stealth
 + Level 3.3 Shields
 * Level 1.4 Spellcasting


You had 6 spell levels left.
You didn't know any spells.
Your spell library contained the following spells:

 Spells                   Type           Power      Damage    Failure   Level
 Apportation              Tloc           0%         N/A       38%         1
 Magic Dart               Conj           0%         1d3       38%         1
 Necrotise                Necr           0%         1d4       38%         1
 Shock                    Conj/Air       0%         1d3       38%         1
 Summon Small Mammal      Summ           0%         N/A       38%         1
 Searing Ray              Conj           0%         2d4       52%         2
 Sublimation of Blood     Necr           0%         N/A       52%         2
 Swiftness                Air            0%         N/A       77%         3
 Airstrike                Air            0%         0-1+      99%         4
 Anguish                  Hex/Necr       0%         N/A       99%         4
 Animate Dead             Necr           0%         N/A       99%         4
 Fulminant Prism          Conj/Hex       0%         3d6       99%         4


Dungeon Overview and Level Annotations

Branches:
Dungeon (4/15)            Ossuary (1/1)
 Temple: D:4-7

Altars:
Dithmenos
Kikubaaqudgha
Makhleb

Shops:
D:3 =


Innate Abilities, Weirdness & Mutations

You are a tree.
Your roots penetrate the ground, keeping you stationary.
You cannot be teleported.
You are immune to unholy pain and torment.
Your maximum health is greatly increased.
Your equipment is partially melded.
((You have a pair of small antennae on your head.))
You regenerate magic rapidly.


Message History

The mummy is severely damaged.
The mummy hits you but does no damage. x2
The gnoll zombie hits you but does no damage.
The orc zombie hits you but does no damage.
You puncture the mummy! You burn the mummy.
You destroy the mummy!
Kikubaaqudgha accepts your kill. The jackal zombie bites you.
* * * LOW HITPOINT WARNING * * *
The gnoll zombie hits you but does no damage.
The mummy hits you.
* * * LOW HITPOINT WARNING * * *
You have reached level 5!
It was a potion of invisibility.
You fade into invisibility!
You block the jackal zombie's attack. You block the gnoll zombie's attack.
The orc zombie hits you but does no damage.
The gnoll zombie hits you but does no damage.
The mummy hits you.
* * * LOW HITPOINT WARNING * * *
The jackal zombie bites you.
* * * LOW HITPOINT WARNING * * *
It was a potion of resistance.
You feel protected.
The gnoll zombie hits you but does no damage.
The orc zombie hits you but does no damage.
The mummy hits you but does no damage.
The jackal zombie bites you but does no damage.
The gnoll zombie hits you but does no damage.
You block the mummy's attack.
Okay, then.
It was a potion of magic.
Magic courses through your body. The jackal zombie bites you.
* * * LOW HITPOINT WARNING * * *
You block the gnoll zombie's attack.
The orc zombie hits you but does no damage.
The gnoll zombie hits you but does no damage.
The mummy hits you!
You die...
Kikubaaqudgha rasps: "You have failed me!
Welcome... death!"

###### ####
...... .....
...... .....
......#####.....
................
................
#......ZZ.......
#......♣MZ......
......MZZ.......
................
................
................
........∩.......
........∩.......
................
...............


You could see 2 mummies, a jackal zombie (unable to see you), 2 gnoll zombies
and 2 orc zombies.

Vanquished Creatures
  An iguana (D:4)
  A mummy (Ossuary)
  3 adders
  A worm (D:2)
  A dart slug (D:3)
  An orc (D:4)
  5 bats
  2 endoplasms
  5 giant cockroaches
  A gnoll zombie (Ossuary)
  6 goblins
  6 hobgoblins
  6 jackals (D:1)
  3 quokkas (D:3)
  5 ball pythons (D:1)
  4 frilled lizards
  2 hobgoblin zombies (Ossuary)
  A jackal zombie (Ossuary)
  7 kobolds
  2 orc zombies (Ossuary)
  4 rats
  A rat zombie (Ossuary)
68 creatures vanquished.

Vanquished Creatures (others)
  4 withered plants (D:3)
4 creatures vanquished.

Grand Total: 72 creatures vanquished

Notes
Turn   | Place    | Note
-------+----------+-------------------------------------------
     0 | D:1      | xian the Demonspawn Fighter began the quest for the Orb.
     0 | D:1      | Reached XP level 1. HP: 18/18 MP: 1/1
   164 | D:1      | Gained mutation: You regenerate magic rapidly. [demonic
                  | ancestry]
   164 | D:1      | Reached XP level 2. HP: 11/24 MP: 2/2
   470 | D:1      | Found a faded altar of an unknown god.
   826 | D:1      | Gained mutation: You have a pair of small antennae on your
                  | head. [demonic ancestry]
   826 | D:1      | Reached XP level 3. HP: 28/29 MP: 3/3
  1159 | D:1      | Prayed at the altar of an unknown god.
  1159 | D:1      | Became a worshipper of Kikubaaqudgha
  1159 | D:1      | Reached * piety under Kikubaaqudgha
  1159 | D:1      | Received a gift from Kikubaaqudgha
  1718 | D:3      | Found a burning altar of Makhleb.
  1721 | D:3      | Reached skill level 1 in Spellcasting
  1805 | D:3      | Reached XP level 4. HP: 15/35 MP: 5/5
  2001 | D:3      | Found an ancient bone altar of Kikubaaqudgha.
  2340 | D:3      | Reached ** piety under Kikubaaqudgha
  2561 | D:3      | Found Couschac's Jewellery Shoppe.
  2594 | D:3      | Found a shadowy altar of Dithmenos.
  3016 | D:4      | Reached skill level 1 in Dodging
  3030 | D:4      | Found a sand-covered staircase.
  3052 | Ossuary  | Entered an ossuary
  3085 | Ossuary  | Reached XP level 5. HP: 8/41 MP: 7/7
  3087 | Ossuary  | HP: 3/61 [jackal zombie (1)]
  3087 | Ossuary  | Mangled by a mummy

Illustrated notes

Levels and vault maps discovered:
D:1:      wander_arrival_chamber, layout_loops_ring, basic_ecumenical_altar,
          hangedman_decor_opposing, hangedman_abyss_or_decor_lesser_grid
D:2:      layout_basic
D:3:      layout_loops_ring, grunt_dithmenos_smoke, kiku_gazebo_garden_becter,
          bloody_makhleb, serial_shops, nicolae_square_shop, minmay_surrounded
D:4:      layout_basic, dreamdust_divine_triumvirate, temple_fountains,
          nicolae_ossuary_entry_ruins, minivault_14, kennysheep_generic_room_10,
          uniq_blork_the_orc
Ossuary:  ossuary_minmay_tomb_2a

Skill      XL: |  1  2  3  4 |
---------------+-------------+-----
Armour         | 3 |  3.5
Long Blades    | 2 |  2.0
Shields        | 3 |  3.3
Spellcasting   | 1 |  1.4
Dodging        | 1 |  1.2
Fighting       | |  3.6
Stealth        | |  0.2

Action                   |  1- 3 |  4- 6 || total
-------------------------+-------+-------++-------
Melee: Long sword        |   172 |    63 ||   235
       Short sword       |       |    25 ||    25
  Use: Scroll            |     5 |     3 ||     8
       Potion            |       |     8 ||     8
Armor: Scale mail        |   171 |       ||   171
       Leather armour    |    11 |    81 ||    92
       Skin              |       |    17 ||    17
Dodge: Dodged            |   146 |   121 ||   267
Block: Buckler           |    74 |    56 ||   130

Table legend: (Time is in decaauts)
 A = Elapsed time spent in this place.
 B = Non-inter-level travel time spent in this place.
 C = Inter-level travel time spent in this place.
 D = Time resting spent in this place.
 E = Time spent auto-exploring this place.
 F = Levels seen in this place.
 G = Mean time per level.
                   A        B        C        D        E       F      G
               +--------+--------+--------+--------+--------+-----+--------+
         Total |   3168 |   3104 |     64 |      0 |   2193 |   5 |  633.6 |
       Dungeon |   3132 |   3068 |     64 |      0 |   2193 |   4 |  783.0 |
       Ossuary |     36 |     36 |      0 |      0 |      0 |   1 |   36.0 |
               +--------+--------+--------+--------+--------+-----+--------+

Top non-repeatable levels by time:
     D:3: 1319 daAuts
     D:1: 1231 daAuts
     D:2: 539 daAuts
     D:4: 41 daAuts
 Ossuary: 36 daAuts
